 Dungeon Crawl Stone Soup version 0.22-a0-353-g2d6336e (webtiles) character file.

603 iamserjio the Sneak (level 7, -1/51 HPs)
             Began as a Formicid Assassin on Apr 15, 2018.
             Was an Initiate of Kikubaaqudgha.
             Slain by Eustachio
             ... wielding a +0 rapier
              (10 damage)
             ... on level 4 of the Dungeon.
             The game lasted 00:19:34 (5391 turns).

iamserjio the Sneak (Formicid Assassin)             Turns: 5391, Time: 00:19:35

Health: -1/51      AC:  4    Str: 15    XL:     7   Next: 70%
Magic:  7/7        EV: 12    Int: 11    God:    Kikubaaqudgha [......]
Gold:   156        SH:  9    Dex: 14    Spells: 6/6 levels left

rFire    + . .     SeeInvis +   E - +0 long sword
rCold    . . .     Gourm    .   p - +0 shield
rNeg     . . .     Faith    .   c - +0 robe
rPois    .         Spirit   .   (helmet unavailable)
rElec    .         Reflect  .   d - +0 cloak
rCorr    .         Harm     .   n - +0 pair of gloves
MR       .....                  (no boots)
Stlth    ++++......             (no amulet)
HPRegen  0.17/turn              l - ring of protection from fire
MPRegen  0.10/turn              q - ring of wizardry

@: no status effects
A: permanent stasis, dig shafts and tunnels, four strong arms, antennae 3
a: Dig, Shaft Self, Renounce Religion


You were on level 4 of the Dungeon.
You worshipped Kikubaaqudgha.
Kikubaaqudgha was noncommittal.
You were hungry.

You visited 1 branch of the dungeon, and saw 4 of its levels.

You collected 156 gold pieces.

Inventory:

Hand Weapons
 a - a +2 dagger
 b - a +0 blowgun
 E - a +0 long sword (weapon)
Missiles
 e - 8 poisoned needles
 f - 2 curare-tipped needles
 i - 233 stones (quivered)
 B - 2 tomahawks
Armour
 c - a +0 robe (worn)
 d - a +0 cloak (worn)
 h - a +0 ring mail
 j - a +0 chain mail
 n - a +0 pair of gloves (worn)
 p - a +0 shield (worn)
 u - a +0 scale mail
 C - a +0 leather armour
 H - a cursed +0 robe
Jewellery
 l - a ring of protection from fire (left hand)
 q - a ring of wizardry (right hand)
Wands
 G - a wand of enslavement (15)
Scrolls
 k - 5 scrolls of identify {unknown}
 s - 2 scrolls of teleportation {unknown}
 w - a scroll of enchant weapon {unknown}
 x - a scroll of remove curse {unknown}
 y - a scroll of fog {unknown}
 z - 3 scrolls of amnesia {unknown}
 A - 2 scrolls of immolation {unknown}
 D - a scroll of noise {unknown}
 F - a scroll of fear {unknown}
 I - a scroll of random uselessness {unknown}
 K - a scroll of blinking {unknown}
Potions
 m - a potion of degeneration {unknown}
 o - 2 potions of curing
 r - a potion of haste {unknown}
 t - a potion of brilliance {unknown}
 v - a potion of agility {unknown}
Comestibles
 g - 7 rations


   Skills:
 + Level 2.9 Fighting
 + Level 3.8 Short Blades
 - Level 2.0 Throwing
 + Level 1.7 Armour
 * Level 3.4 Dodging
 - Level 7.2 Stealth
 + Level 3.4 Shields


You had 6 spell levels left.
You didn't know any spells.

Dungeon Overview and Level Annotations

Branches:
Dungeon (4/15)
 Temple: D:4-7

Altars:
Kikubaaqudgha
Wu Jian
Xom
The Shining One

Annotations:
D:4 Eustachio


Innate Abilities, Weirdness & Mutations

You cannot be hasted, slowed, berserked, paralysed or teleported.
You can dig through walls and to a lower floor.
Your four strong arms can wield two-handed weapons with a shield.
You have a pair of large antennae on your head. (SInv)


Message History

* * * LOW HITPOINT WARNING * * *
You barely miss Eustachio.
Eustachio is heavily wounded.
Eustachio casts a spell.
Eustachio blinks!
Eustachio yells, "Perjured traitor, DIE!"
You barely miss Eustachio.
Eustachio is heavily wounded.
You block Eustachio's attack.
You closely miss Eustachio.
Eustachio is heavily wounded.
Eustachio hits you but does no damage.
You hit Eustachio.
Eustachio is heavily wounded.
You block Eustachio's attack.
You miss Eustachio.
Eustachio is heavily wounded.
Eustachio hits you with a rapier!
You die...
Kikubaaqudgha rasps: "You have failed me!
Welcome... death!"

...#######.))...#.##.......♣#♣#♣#
.###### ###....#..<.###.##.#
......## ##....###..# #.##.#
.[###..## #..........###.##.#
[.......###.###.####.#...##.#
.#............#..# #...####.#
.................####..###..##
.............................##
................@@............#
##.....####...........(.##.####
.##...##..#..................#
..##.##...#......#...........#
.O.#.#...##...........>......♣♣♣♣
#.+#.#'.##.......##.........♣♣.P♣
###...###......#####.....##....P.
....8........#...###..#..###♣PP.♣
###...###...................#♣♣♣♣


You could see Eustachio.

Vanquished Creatures
  Sigmund (D:2)
  A bullfrog (D:4)
  A vampire bat (D:2)
  2 hounds (D:4)
  A centaur skeleton (D:4)
  An orc priest (D:4)
  An iguana (D:4)
  An orc wizard (D:4)
  A worker ant (D:4)
  Robin (D:2)
  5 adders
  2 oozes
  An adder skeleton (D:3)
  2 dart slugs
  A leopard gecko (D:4)
  8 orcs
  A ball python (D:3)
  5 bats
  3 bat skeletons (D:2)
  2 bat zombies (D:2)
  8 giant cockroaches
  17 goblins
  8 hobgoblins
  5 jackals
  A quokka (D:3)
  6 frilled lizards
  A jackal skeleton (D:4)
  2 kobolds (D:1)
  4 rats
  A plant (D:4)
94 creatures vanquished.

Notes
Turn   | Place    | Note
-------+----------+-------------------------------------------
     0 | D:1      | iamserjio the Formicid Assassin began the quest for the Orb.
     0 | D:1      | Reached XP level 1. HP: 16/16 MP: 1/1
   310 | D:1      | Reached skill level 1 in Dodging
   318 | D:1      | Reached skill level 5 in Stealth
   402 | D:1      | Reached XP level 2. HP: 22/22 MP: 2/2
   696 | D:1      | Reached XP level 3. HP: 25/27 MP: 3/3
  1656 | D:2      | Noticed Robin
  1673 | D:2      | Reached XP level 4. HP: 30/33 MP: 4/4
  1708 | D:3      | Reached skill level 1 in Shields
  2082 | D:3      | Reached skill level 6 in Stealth
  2355 | D:2      | Noticed Sigmund
  2413 | D:2      | Killed Sigmund
  2413 | D:2      | Reached skill level 7 in Stealth
  2413 | D:2      | Reached XP level 5. HP: 18/38 MP: 5/5
  2413 | D:2      | Reached XP level 6. HP: 20/44 MP: 6/6
  2745 | D:2      | Killed Robin
  2862 | D:2      | Found an ancient bone altar of Kikubaaqudgha.
  2894 | D:2      | Became a worshipper of Kikubaaqudgha
  3860 | D:4      | Noticed Eustachio
  4408 | D:4      | Reached XP level 7. HP: 40/51 MP: 7/7
  4413 | D:4      | Reached skill level 1 in Armour
  4510 | D:4      | Noticed a two-headed ogre
  4538 | D:4      | Noticed a yak
  4595 | D:4      | Found an ornate altar of the Wu Jian Council.
  4595 | D:4      | Found a shimmering altar of Xom.
  4600 | D:4      | Found a faded altar of an unknown god.
  4602 | D:4      | Found a glowing golden altar of the Shining One.
  4603 | D:4      | Found a faded altar of an unknown god.
  5391 | D:4      | Slain by Eustachio

Vault maps used:
D:1:      kennysheep_arrival_forest, feat_on_display
D:2:      kennysheep_vampire_church, first_ration, uniq_robin, uniq_sigmund
D:4:      cheibrodos_barr_body, chequers_temple_overflow_minitemple,
          serial_forest, infiniplex_forest_clump_C, infiniplex_forest_lined_3,
          infiniplex_forest_zigzag_1, infiniplex_forest_clump_double,
          infiniplex_forest_lined_2, infiniplex_forest_end_1,
          infiniplex_forest_clump_double, infiniplex_forest_end_2,
          corexii_checkpoint_a, uniq_eustachio

Skill      XL: |  1  2  3  4  5  6  7 |
---------------+----------------------+-----
Dodging        | 1 2 3 |  3.4
Stealth        | 5 7 |  7.2
Shields        | 2 3 |  3.4
Short Blades   | 3 |  3.8
Armour         | 1 |  1.7
Fighting       | |  2.9
Throwing       | |  2.0

Action                   |  1- 3 |  4- 6 |  7- 9 || total
-------------------------+-------+-------+-------++-------
Melee: Dagger            |   121 |   200 |       ||   321
       Long sword        |       |    75 |    87 ||   162
Throw: Stone             |       |     3 |       ||     3
  Use: Potion            |       |     3 |     2 ||     5
 Stab: Sleeping          |     4 |     9 |     4 ||    17
  Eat: Chunk             |     2 |     6 |     3 ||    11
       Ration            |       |     1 |       ||     1
Armor: Ring mail         |    53 |    29 |       ||    82
       Scale mail        |       |    38 |       ||    38
       Robe              |       |    25 |    18 ||    43
       Leather armour    |       |     4 |       ||     4
Dodge: Dodged            |    54 |   105 |    62 ||   221
Block: Shield            |    15 |    90 |    50 ||   155
       Rpst.: Long sword |       |    16 |    21 ||    37

Table legend:
 A = Spawn XP
 B = Non-spawn XP
 C = Spawn XP percentage of total XP
 D = Spawn monster count
 E = Non-spawn monster count
 F = Spawn count percentage of total count
 G = Total turns spent on level
                    A         B        C        D         E        F      G
               +---------+---------+-------+---------+---------+-------+---------
         Total |       0 |     862 |   0.0 |       0 |      93 |   0.0 |  5391
               +---------+---------+-------+---------+---------+-------+---------
           D:1 |       0 |      32 |   0.0 |       0 |      19 |   0.0 |  1024
           D:2 |       0 |     335 |   0.0 |       0 |      30 |   0.0 |  1482
           D:3 |       0 |      80 |   0.0 |       0 |      23 |   0.0 |  1551
           D:4 |       0 |     415 |   0.0 |       0 |      21 |   0.0 |  1334
               +---------+---------+-------+---------+---------+-------+---------
